 Dungeon Crawl Stone Soup version 0.26.0-20-g3ca415f5b8 (webtiles) character file.

Game seed: 895487911288331462

19541 growler the Fighter (level 12, -13/82 HPs)
             Began as a Tengu Air Elementalist on Jan 25, 2021.
             Was a High Priest of Vehumet.
             Mangled by a reaper
             ... wielding a +1 scythe of flaming
              (20 damage)
             ... in a Gauntlet on Jan 26, 2021.
             The game lasted 01:00:24 (22949 turns).

growler the Fighter (Tengu Air Elementalist)       Turns: 22949, Time: 01:00:25

Health: -13/82     AC: 10    Str:  9    XL:     12   Next: 70%
Magic:  0/20       EV:  8    Int: 26    God:    Vehumet [*****.]
Gold:   961        SH:  0    Dex: 24    Spells: 6/21 levels left

rFire    + . .     SeeInvis .   H - +6 dagger "Xuesetid" {protect, *Slow Int+4 Dex+5}
rCold    . . .     Faith    .   s - +2 kite shield
rNeg     . . .     Spirit   +   G - +0 robe {rF+}
rPois    .         Reflect  .   L - +0 hat {Int+3}
rElec    .         Harm     .   E - +0 cloak
rCorr    .         Rampage  .   O - +2 pair of gloves {Dex+3}
Will     +....     NoTele   +   (boots unavailable)
Stlth    +++.......             o - amulet of guardian spirit
HPRegen  0.23/turn              l - +4 ring of protection
MPRegen  0.17/turn              J - ring of willpower

@: flying quickly and evasively, held, quick
A: beak, talons 3, able to fly
a: Stop Flying, Renounce Religion


You were in a Gauntlet.
You worshipped Vehumet.
Vehumet was extremely pleased with you.
You visited 3 branches of the dungeon, and saw 14 of its levels.
You also visited: Ossuary and Gauntlet.

You collected 1006 gold pieces.
You spent 45 gold pieces at shops.

Inventory:

Hand Weapons
 a - the +11 plutonium sword {*Contam Stlth-}
   (You found it in a Gauntlet)

   It causes magical contamination when unequipped.
   It makes you less stealthy.
 r - a +1 dagger of electrocution
   (You took it off a goblin on level 3 of the Dungeon)
 H - the +6 dagger "Xuesetid" (weapon) {protect, *Slow Int+4 Dex+5}
   (You found it on level 9 of the Dungeon)

   It grants its wielder temporary protection when it strikes (+7 to AC).
   It affects your intelligence (+4).
   It affects your dexterity (+5).
   It may slow you when you take damage.
Missiles
 K - 13 poisoned darts (quivered)
Armour
 e - a +1 pair of gloves of dexterity
   (You found it in a Gauntlet)
 s - a +2 kite shield (worn)
   (You found it on level 3 of the Dungeon)
 E - a +0 cloak (worn)
   (You took it off Crazy Yiuf on level 6 of the Dungeon)
 G - a +0 robe of fire resistance (worn)
   (You found it on level 8 of the Dungeon)
 L - a +0 hat of intelligence (worn)
   (You took it off Gastronok on level 10 of the Dungeon)
 M - a scarf of resistance
   (You found it on level 1 of the Lair of Beasts)
 O - a +2 pair of gloves of dexterity (worn)
   (You found it in a Gauntlet)
Jewellery
 l - a +4 ring of protection (left hand)
   (You found it on level 2 of the Dungeon)
 o - an amulet of guardian spirit (around neck)
   (You found it on level 3 of the Dungeon)
 A - an uncursed ring of positive energy
   (You found it on level 6 of the Dungeon)
 D - an uncursed ring of ice
   (You found it on level 6 of the Dungeon)
 J - a ring of willpower (right hand)
   (You found it on level 10 of the Dungeon)
Wands
 d - a wand of iceblast (21)
   (You found it on level 11 of the Dungeon)
 t - a wand of flame (32)
   (You found it on level 3 of the Dungeon)
 u - a wand of paralysis (2)
   (You found it on level 5 of the Dungeon)
 v - a wand of digging (7)
   (You took it off Pikel on level 7 of the Dungeon)
Scrolls
 c - 2 scrolls of enchant weapon
 g - 3 scrolls of enchant armour
 h - 11 scrolls of remove curse {@r2}
 j - 2 scrolls of noise {unknown}
 k - 4 scrolls of teleportation {@r4}
 q - 3 scrolls of immolation {!r}
 y - a scroll of torment {unknown}
 C - 2 scrolls of magic mapping
 I - a scroll of summoning {unknown}
 P - a scroll of fear {unknown}
Potions
 b - 3 potions of mutation {!q}
 f - 4 potions of curing {@q1}
 i - 8 potions of heal wounds {unknown}
 m - 3 potions of ambrosia
 n - 2 potions of brilliance
 p - 4 potions of attraction {unknown}
 x - 4 potions of might
 z - 2 potions of lignification {!q}
 B - 2 potions of haste {@q3}
 F - 2 potions of magic


   Skills:
 + Level 12.7 Fighting
 + Level 3.0 Dodging
 - Level 2.0 Stealth
 - Level 10.0 Shields
 + Level 5.3 Spellcasting
 - Level 9.0 Conjurations
 + Level 12.2 Air Magic


You had 6 spell levels left.
You knew the following spells:

 Your Spells              Type           Power        Failure   Level
a - Shock                 Conj/Air       100%         1%          1
b - Airstrike             Air            31%          1%          4
c - Lightning Bolt        Conj/Air       29%          1%          5
d - Static Discharge      Conj/Air       58%          1%          3
s - Swiftness             Air            63%          1%          2

Your spell library contained the following spells:

 Spells                   Type           Power        Failure   Level
 Olgreb's Toxic Radiance  Pois           6%           34%         4
 Magic Dart               Conj           100%         1%          1
 Searing Ray              Conj           100%         1%          2
 Dazzling Flash           Conj/Hex       60%          1%          3
 Fulminant Prism          Conj/Hex       15%          6%          4
 Iskenderun's Mystic Bla  Conj/Tloc      30%          6%          4
 Summon Lightning Spire   Summ/Air       38%          12%         4
 Corona                   Hex            6%           14%         1
 Summon Small Mammal      Summ           24%          14%         1
 Call Imp                 Summ           6%           22%         2
 Ensorcelled Hibernation  Hex/Ice        12%          22%         2
 Call Canine Familiar     Summ           6%           41%         3
 Confusing Touch          Hex            6%           41%         3
 Summon Guardian Golem    Hex/Summ       6%           41%         3
 Tukima's Dance           Hex            6%           41%         3
 Summon Ice Beast         Ice/Summ       6%           82%         4


Dungeon Overview and Level Annotations

Branches:
Dungeon (11/15)            Temple (1/1) D:7            Lair (2/6) D:9
    Orc (0/2) D:11        Ossuary (visited)         Gauntlet (1/1)
  Swamp: Lair:2-4    Shoals: Lair:2-4     Snake: Lair:2-4    Spider: Lair:2-4

Altars:
Ashenzari
Cheibriados
Dithmenos
Elyvilon
Fedhas
Gozag
Hepliaklqana
Kikubaaqudgha
Makhleb
Nemelex Xobeh
Okawaru
Qazlal
Ru
Sif Muna
Trog
Uskayaw
Vehumet
Wu Jian
Xom
Yredelemnul
Zin
The Shining One

Shops:
D:8 ?   D:10 (

Annotations:
D:3 1 runed translucent door, Gadfly's ghost, amateur OgMo
D:11 3 runed translucent doors, zcampers's ghost, journeyman MiBe Gauntlet 7 transporters, 2 runed translucent doors, exclusion: 2 lightning spires


Innate Abilities, Weirdness & Mutations

You have a beak for a mouth.
You have claws for feet.
You can fly continuously.


Message History

The lightning grounds out.
You block the shadow imp's attack.
The shadow imp is struck by an arc of lightning.
You kill the shadow imp!
Vehumet accepts your kill.
You feel your power returning.
The lightning grounds out.
The reaper is struck by an arc of lightning!
You are struck by an arc of lightning.
The lightning grounds out.
The reaper barely misses you.
The reaper is struck by an arc of lightning.
You are struck by an arc of lightning.
The lightning grounds out.
The reaper hits you with a +1 scythe of flaming!!!
* * * LOW HITPOINT WARNING * * *
The reaper burns you!
* * * LOW HITPOINT WARNING * * *
The reaper is struck by an arc of lightning!
You are struck by an arc of lightning.
* * * LOW HITPOINT WARNING * * *
The lightning grounds out.
Okay, then.
Okay, then.
The reaper barely misses you.
The shadow imp shouts, "Embrace thy fall, thou fobbing pigeon-toed haggard!"
The shadow imp gestures at you.
You easily resist.
You see here a viscous black potion.
You see here a pair of runed gloves.
e - a pair of runed gloves The reaper hits you from afar with a +1 scythe of flaming!
* * * LOW HITPOINT WARNING * * *
The reaper burns you.
* * * LOW HITPOINT WARNING * * *
Here: a reaper, wielding a +1 scythe of flaming (heavily wounded)
The floor.
The shadow imp drops a net on you.
You become entangled in the net!
You see here a throwing net {!f}.
You struggle against the net.
The reaper closely misses you.
You struggle against the net.
The shadow imp barely misses you.
The reaper hits you from afar with a +1 scythe of flaming!
* * * LOW HITPOINT WARNING * * *
The reaper burns you.
* * * LOW HITPOINT WARNING * * *
You struggle against the net.
The shadow imp hits you but does no damage.
You rip the net and break free!
The reaper completely misses you. You block the shadow imp's attack.
The hellwing drops a net on you.
You become entangled in the net!
You see here a throwing net {!f}.
You struggle against the net.
The reaper hits you from afar with a +1 scythe of flaming!!
You die...

##################.##
..#©.........©#....≈##
8.#.8.8.8.8.8.#.8..≈≈#
..#©.........©#....≈##
########.#########.##
.......#.#.......#.≈##
.8#....#.#..####.#.≈≈#
.###...#.#.##..#.#.≈##
..#©#.h###.#.©#.@#.##
...###.#.#.#.##4.#.≈##
....#..#.#.##.52.#.≈≈#
8=?©}..#.#.".©!..#.≈##
########.#########.##
...................≈##
≈≈≈#..∩.8.∩..#≈≈≈#≈≈≈#
#≈###.......###≈###≈##
### ######### ### ###


You could see a reaper, a hellwing and a shadow imp.

Vanquished Creatures
  Gastronok (D:10)
  A boulder beetle (D:10)
  4 hydras
  A skeletal warrior (D:11)
  Pikel (D:7)
  2 ugly things (D:11)
  A manticore (D:11)
  A cyclops (D:11)
  A centaur skeleton (D:10)
  A gargoyle (D:11)
  A rime drake (Lair:2)
  2 komodo dragons
  A hornet (D:11)
  4 flying skulls (Gauntlet)
  A shadow (D:11)
  6 yaks (D:10)
  A wraith (D:11)
  Grum (D:11)
  A steam dragon (D:8)
  2 water moccasins
  A soldier ant (D:11)
  Duvessa (D:7)
  2 orc warriors
  2 hornet zombies
  5 ice beasts
  4 ogres
  3 sky beasts
  4 phantoms
  A black bear (D:10)
  3 wolves (D:11)
  10 centaurs
  2 elf zombies (Ossuary)
  A big kobold (D:10)
  14 bullfrogs
  A gnoll sergeant (D:5)
  Dowan (D:7)
  A wyvern skeleton (D:9)
  7 scorpions
  9 killer bees
  9 wights (D:7)
  4 howler monkeys
  2 bullfrog zombies
  2 centaur zombies
  2 human zombies (Ossuary)
  Crazy Yiuf (D:6)
  6 hounds
  2 jellies
  9 orc priests
  A bullfrog skeleton (D:7)
  17 orc wizards
  4 iguanas
  6 hell rats (Lair:2)
  12 worker ants
  A hound zombie (D:5)
  2 mummies (Ossuary)
  A worker ant zombie (D:6)
  A howler monkey zombie (D:6)
  14 gnolls
  8 adders
  A howler monkey skeleton (D:11)
  2 shadow imps
  6 white imps
  2 ufetubi
  An ooze (D:2)
  2 adder zombies (Ossuary)
  An adder skeleton (D:6)
  4 worms
  3 dart slugs
  6 leopard geckos
  60 orcs
  4 giant cockroaches
  5 goblins
  6 hobgoblins
  15 jackals
  13 kobolds
  4 quokkas
  A ball python (D:4)
  7 bats
  4 frilled lizards
  2 goblin zombies (Ossuary)
  6 hobgoblin zombies (Ossuary)
  10 kobold zombies (Ossuary)
  10 orc zombies (Ossuary)
  5 rats
  2 rat zombies (Ossuary)
392 creatures vanquished.

Vanquished Creatures (others)
  An orc (D:11)
  A fungus (Lair:2)
  5 plants
7 creatures vanquished.

Grand Total: 399 creatures vanquished

Notes
Turn   | Place    | Note
-------+----------+-------------------------------------------
     0 | D:1      | growler the Tengu Air Elementalist began the quest for the
                  | Orb.
     0 | D:1      | Reached XP level 1. HP: 10/10 MP: 4/4
   148 | D:1      | Reached XP level 2. HP: 15/15 MP: 1/6
   754 | D:1      | Learned a level 2 spell: Swiftness
   763 | D:2      | Reached XP level 3. HP: 11/19 MP: 3/7
  1474 | D:2      | Found an ornate altar of the Wu Jian Council.
  1488 | D:2      | Reached XP level 4. HP: 11/24 MP: 3/9
  1650 | D:2      | Learned a level 3 spell: Static Discharge
  2161 | D:2      | Found a sacrificial altar of Ru.
  2207 | D:2      | Reached skill level 5 in Air Magic
  2610 | D:3      | Found a runed translucent door.
  2629 | D:3      | Noticed Gadfly's ghost (amateur OgMo)
  2838 | D:3      | Gained mutation: You can fly continuously. [Tengu growth]
  2838 | D:3      | Reached XP level 5. HP: 26/28 MP: 3/10
  3346 | D:3      | Found a shimmering blue altar of Sif Muna.
  3630 | D:4      | Learned a level 4 spell: Airstrike
  3709 | D:4      | Reached skill level 1 in Shields
  3710 | D:4      | Reached XP level 6. HP: 32/32 MP: 5/12
  3777 | D:4      | You are sucked into a shaft and drop 1 floor!
  3777 | D:5      | Entered Level 5 of the Dungeon
  3810 | D:5      | Found an iron altar of Okawaru.
  3810 | D:5      | Noticed an ice beast
  3835 | D:5      | Killed an ice beast
  4035 | D:5      | Noticed a phantom
  4054 | D:5      | Killed a phantom
  4055 | D:5      | Reached skill level 5 in Conjurations
  4055 | D:5      | Reached XP level 7. HP: 30/36 MP: 1/13
  4306 | D:5      | Found a hazy altar of Hepliaklqana.
  4623 | D:5      | Reached XP level 8. HP: 25/41 MP: 9/15
  5110 | D:3      | Reached skill level 5 in Spellcasting
  5193 | D:3      | Learned a level 5 spell: Lightning Bolt
  6388 | D:6      | Reached skill level 5 in Shields
  6833 | D:6      | Found a sparkling altar of Nemelex Xobeh.
  6833 | D:6      | Found a snail-covered altar of Cheibriados.
  6913 | D:6      | Found a burning altar of Makhleb.
  6917 | D:6      | Found a glowing silver altar of Zin.
  6918 | D:6      | Noticed a green death
  6918 | D:6      | Noticed an angel
  6927 | D:6      | Reached XP level 9. HP: 45/45 MP: 17/17
  6941 | D:6      | Found a runed translucent door.
  6942 | D:6      | Noticed Crazy Yiuf
  7332 | D:6      | Killed Crazy Yiuf
  7853 | D:7      | Found a staircase to the Ecumenical Temple.
  7866 | D:7      | Reached skill level 10 in Air Magic
  7872 | Temple   | Entered the Ecumenical Temple
  8116 | Temple   | Became a worshipper of Vehumet
  8868 | D:7      | Noticed Pikel
  8873 | D:7      | Killed Pikel
  9006 | D:7      | Reached XP level 10. HP: 50/50 MP: 9/18
  9692 | D:7      | Noticed Duvessa
  9797 | D:7      | Killed Duvessa
  9803 | D:7      | Noticed Dowan
  9867 | D:7      | Killed Dowan
  9867 | D:7      | Reached * piety under Vehumet
  9867 | D:7      | Offered knowledge of Magic Dart by Vehumet.
 10277 | D:8      | Found Woewepabb's Magic Scroll Boutique.
 10291 | D:8      | Found a sand-covered staircase.
 10301 | Ossuary  | Entered an ossuary
 10582 | Ossuary  | Reached ** piety under Vehumet
 10587 | Ossuary  | Offered knowledge of Searing Ray by Vehumet.
 11089 | D:8      | Offered knowledge of Frozen Ramparts by Vehumet.
 11206 | D:8      | Bought a scroll of magic mapping for 45 gold pieces
 11303 | D:8      | Found a basalt altar of Yredelemnul.
 11784 | D:9      | Found a staircase to the Lair.
 11944 | D:9      | Reached skill level 1 in Fighting
 12020 | D:9      | Got a smoking dagger
 12021 | D:9      | Identified the +6 dagger "Xuesetid" {protect, *Slow Int+4
                  | Dex+5} (You found it on level 9 of the Dungeon)
 12571 | D:9      | Found a glowing golden altar of the Shining One.
 12605 | D:10     | Entered Level 10 of the Dungeon
 12728 | D:10     | Reached *** piety under Vehumet
 12908 | D:10     | Found Yqoarch's Weapon Shoppe.
 12921 | D:10     | Reached skill level 10 in Shields
 13128 | D:10     | Offered knowledge of Inner Flame by Vehumet.
 13295 | D:10     | Noticed Gastronok
 13466 | D:10     | Reached XP level 11. HP: 40/60 MP: 12/19
 13623 | D:10     | Reached skill level 5 in Fighting
 14978 | D:10     | Found Yqoarch's Weapon Shoppe.
 15791 | D:10     | Found Yqoarch's Weapon Shoppe.
 16086 | D:10     | Killed Gastronok
 16637 | D:11     | Noticed a seven-headed hydra
 16641 | D:11     | Killed a seven-headed hydra
 16642 | D:11     | Noticed a boulder beetle
 17637 | D:10     | Killed a boulder beetle
 17791 | D:11     | Noticed a seven-headed hydra
 17797 | D:11     | Killed a seven-headed hydra
 17800 | D:11     | Noticed a six-headed hydra
 18315 | D:11     | Found a snail-covered altar of Cheibriados.
 18442 | D:11     | Reached skill level 10 in Fighting
 18547 | D:11     | Reached **** piety under Vehumet
 18561 | D:11     | Offered knowledge of Olgreb's Toxic Radiance by Vehumet.
 18585 | D:11     | Found a staircase to the Orcish Mines.
 18982 | D:11     | Killed a six-headed hydra
 18983 | D:11     | Reached XP level 12. HP: 78/78 MP: 5/20
 19262 | D:11     | Noticed Grum
 19405 | D:11     | Killed Grum
 19833 | D:11     | Found a runed translucent gate.
 19834 | D:11     | Found a runed translucent gate.
 19835 | D:11     | Found a runed translucent gate.
 19851 | D:11     | Noticed zcampers's ghost (journeyman MiBe)
 20302 | D:11     | Noticed a tengu warrior
 20887 | Lair:1   | Entered Level 1 of the Lair of Beasts
 21335 | Lair:1   | Noticed a seven-headed hydra
 21339 | Lair:1   | Killed a seven-headed hydra
 22326 | Lair:2   | Found a gate leading to a gauntlet.
 22347 | Gauntlet | Entered a Gauntlet
 22347 | Gauntlet | Found a transporter.
 22347 | Gauntlet | Found a transporter.
 22492 | Gauntlet | Found a transporter.
 22495 | Gauntlet | Found a transporter.
 22503 | Gauntlet | Found a transporter.
 22507 | Gauntlet | Found a transporter.
 22509 | Gauntlet | Noticed a reaper
 22512 | Gauntlet | Found the +11 plutonium sword {*Contam Stlth-}
 22515 | Gauntlet | Found a transporter.
 22535 | Gauntlet | Found a transporter.
 22553 | Gauntlet | Found a transporter.
 22557 | Gauntlet | Found a transporter.
 22561 | Gauntlet | Found a runed translucent door.
 22563 | Gauntlet | Found a runed translucent door.
 22565 | Gauntlet | Found a transporter.
 22569 | Gauntlet | Found a transporter.
 22774 | Gauntlet | Reached ***** piety under Vehumet
 22949 | Gauntlet | Mangled by a reaper

Illustrated notes

Levels and vault maps discovered:
D:1:      mainiacjoe_arrival_reflecting_pool, layout_rooms, minmay_tripent
D:2:      layout_loops_ring, nicolae_overflow_hidden_temple,
          nicolae_ru_awakened_eye
D:3:      layout_loops_ring, lemuel_blue_sif_altar, gammafunk_ghost_grave,
          st_stairs_12
D:4:      layout_rooms, minivault_14
D:5:      layout_loops_cross, kennysheep_little_box, lemuel_round_altar,
          gup_sewer_entry_bowl, minmay_bent
D:6:      layout_cave_pools, grunt_temple_overflow_order_and_chaos_2,
          amethyst_overflow_temple_binary, roderic_lattice_a,
          uniq_crazy_yiuf_cottage
D:7:      layout_loops_ring, minmay_temple_entry_gardened_gates, uniq_pikel,
          uniq_duvessa
D:8:      layout_rooms, old_standard_altar, serial_shops, nicolae_shop_stone,
          nicolae_ossuary_entry_monument
D:9:      layout_roguey, lemuel_coloured_pillars_altar, lair_entry_dummy
D:10:     layout_cave_pods, serial_shops, shop, uniq_gastronok
D:11:     cheibrodos_ideogram_h, layout_long_grid, hiddenorc2_lemuel,
          basic_altar, gammafunk_ghost_necromancy, uniq_grum
Temple:   minmay_temple_bridge_abc
Lair:1:   layout_cave_pods, lemuel_fruit_fields
Lair:2:   layout_long_grid, gauntlet_entry_generic
Gauntlet: minmay_gauntlet_77_indecision
          [minmay_gauntlet_arena_77_tiled_triplets,
          minmay_gauntlet_arena_77_two_lines,
          minmay_gauntlet_arena_77_two_paths,
          minmay_gauntlet_arena_77_shame_cube,
          minmay_gauntlet_arena_77_hold_the_fort,
          minmay_gauntlet_arena_77_double_cross, gauntlet_exit_green]

Skill      XL: |  1  2  3  4  5  6  7  8  9 10 11 12 |
---------------+-------------------------------------+-----
Conjurations   | 2 3 4 5 6 7 8 9 |  9.0
Air Magic      | 5 6 7 9 11 12 | 12.2
Spellcasting   | 3 4 5 |  5.3
Shields        | 1 2 3 5 8 10 | 10.0
Fighting       | 3 10 12 | 12.7
Dodging        | 3 |  3.0
Stealth        | |  2.0

Action                   |  1- 3 |  4- 6 |  7- 9 | 10-12 || total
-------------------------+-------+-------+-------+-------++-------
Melee: Dagger            |    14 |    31 |    93 |   330 ||   468
       Kick              |     3 |     1 |    17 |   109 ||   130
       Peck              |     2 |     4 |    17 |    59 ||    82
Throw: Dart              |       |       |       |    28 ||    28
 Cast: Shock             |    62 |    99 |   106 |    25 ||   292
       Swiftness         |       |     1 |     1 |     1 ||     3
       Airstrike         |       |     1 |    53 |   183 ||   237
       Static Discharge  |       |     1 |    22 |    67 ||    90
       Lightning Bolt    |       |       |       |    17 ||    17
 Abil: Fly               |       |     1 |       |     1 ||     2
       Stop Flying       |       |       |       |     1 ||     1
Evoke: Wand              |       |       |       |     2 ||     2
  Use: Scroll            |       |     1 |     3 |    17 ||    21
       Potion            |       |       |       |     1 ||     1
 Stab: Sleeping          |       |     2 |     5 |     5 ||    12
       Paralysed         |       |       |       |    10 ||    10
Armor: Robe              |     3 |    12 |    27 |    93 ||   135
Dodge: Dodged            |    12 |    36 |    91 |   196 ||   335
Block: Kite shield       |       |       |    28 |   308 ||   336
